 Dungeon Sprint DCSS version 0.31-a0-931-g7b59d4eb97 (webtiles) character file.

Game seed: 14833416566222607963

864 rocky1 the Earth Mage (level 11, -9/79 HPs)
             Began as a Gargoyle Earth Elementalist on Oct 20, 2023.
             Was the Champion of Vehumet.
             Mangled by Rupert
             ... wielding a +2 battleaxe of venom
              (27 damage)
             ... in the Dungeon (Sprint VI: "Thunderdome").
             The game lasted 00:12:01 (1328 turns).

rocky1 the Earth Mage (Gargoyle Earth Elementalist) Turns: 1328, Time: 00:12:01

Health: -9/79      AC: 10    Str: 12    XL:     11   Next: 93%
Magic:  18/26      EV: 13    Int: 19    God:    Vehumet [******]
Gold:   452        SH:  0    Dex: 13    Spells: 16/33 levels left

rFire   + . .        p - staff of earth
rCold   + . .        (no shield)
rNeg    + + +        q - +0 robe of Good Intentions {Str+2 Dex-3 Archmagi}
rPois   ∞            (no helmet)
rElec   +            (no cloak)
rCorr   .            (no gloves)
SInv    .            (no boots)
Will    .....        m - amulet of Starshine {RegenMP Fragile Slay+6}
Stlth   ++           n - ring of Keotan {rC+ Dex+6}
HPRegen 0.33/turn    r - ring of Juarulic {rElec rPois rF+ rN++ Str-3}
MPRegen 0.60/turn

%: no teleportation, archmagi
@: hasted, very quick
A: sickness immunity, AC +8, negative energy resistance 1, electricity
resistance, torment resistance 1, petrification resistance
}: 1/15 runes: serpentine
a: Renounce Religion


You were in the Dungeon.
You worshipped Vehumet.
Vehumet was exalted by your worship.
You visited 1 branch You collected 1240 gold pieces.
You spent 788 gold pieces at shops.

Inventory:

Missiles
 b - 4 throwing nets
Armour
 a - a +0 robe
 o - the +2 robe of the Fig {Harm Slay+2}
   (You bought it in a shop in the Dungeon)

   Slay+2:    It affects your accuracy & damage with ranged weapons and melee
   (+2).
   Harm:      It increases damage dealt and taken.
 q - the +0 robe of Good Intentions (worn) {Str+2 Dex-3 Archmagi}
   (You bought it in a shop in the Dungeon)

   Str+2:     It affects your strength (+2).
   Dex-3:     It affects your dexterity (-3).
   Archmagi:  It increases the power of your magical spells.
Magical Staves
 p - a staff of earth (weapon)
Jewellery
 l - the ring "Quimaqu" {Fire Str+5}
   (You bought it in a shop in the Dungeon)

   [ring of fire]

   Fire:      It enhances your fire magic.
   Str+5:     It affects your strength (+5).
   rF+:       It protects you from fire.
   rC-:       It makes you vulnerable to cold.
 m - the amulet of Starshine (around neck) {RegenMP Fragile Slay+6}
   (You bought it in a shop in the Dungeon)

   [amulet of magic regeneration]

   RegenMP:   It increases your rate of magic regeneration.
   Slay+6:    It affects your accuracy & damage with ranged weapons and melee
   (+6).
   Fragile:   It will be destroyed if unequipped.
 n - the ring of Keotan (left hand) {rC+ Dex+6}
   (You bought it in a shop in the Dungeon)

   [ring of dexterity]

   Dex+6:     It affects your dexterity (+6).
   rC+:       It protects you from cold.
 r - the ring of Juarulic (right hand) {rElec rPois rF+ rN++ Str-3}
   (You bought it in a shop in the Dungeon)

   [ring of protection from fire]

   Str-3:     It affects your strength (-3).
   rF+:       It protects you from fire.
   rElec:     It insulates you from electricity.
   rPois:     It protects you from poison rN++: It greatly protects you from
   negative energy.
Wands
 i - a wand of quicksilver (4)
 j - a wand of iceblast (5)
Scrolls
 k - 3 scrolls of fog
Potions
 c - a potion of curing
 d - 7 potions of heal wounds
 e - 3 potions of haste
 f - a potion of berserk rage
 h - a potion of resistance


   Skills:
 + Level 13.8 Fighting
 - Level 4.9 Armour
 - Level 4.1 Dodging
 - Level 2.1 Stealth
 + Level 11.9 Spellcasting
 + Level 13.4 Conjurations
 - Level 0.7 Transmutations
 * Level 20.8 Earth Magic


You had 16 spell levels left.
You knew the following spells:

 Your Spells              Type           Power      Damage    Failure   Level
a - Sandblast             Erth           100%       2d20      0%          1
b - Stone Arrow           Conj/Erth      100%       3d13      0%          3
c - Brom's Barrelling Bo  Conj/Erth      100%       2d11      1%          4
d - Iskenderun's Mystic   Conj/Tloc      53%        2d11      1%          4
e - Iskenderun's Battles  Conj           76%        2d12      1%          5

Your spell library contained the following spells:

 Spells                   Type           Power      Damage    Failure   Level
 Passwall                 Tmut/Erth      72%        N/A       1%          2
 Petrify                  Tmut/Erth      87%        N/A       1%          4


Dungeon Overview and Level Annotations

Branches:
Dungeon (1/1)

Altars:
Cheibriados
Dithmenos
Fedhas
Gozag
Kikubaaqudgha
Makhleb
Okawaru
Qazlal
Ru
Sif Muna
Trog
Uskayaw
Vehumet
Wu Jian
Xom
Yredelemnul
Zin
The Shining One
Lugonu

Shops:
D *[=??*?*:[((!!!!

Annotations:
D Rupert


Innate Abilities, Weirdness & Mutations

You are immune to sickness and miasma.
Your stone body is resilient. (AC +8)
You are immune to poison.
You resist negative energy. (rN+)
You are resistant to electric shocks. (rElec)
You are resistant to unholy torment.
You are immune to petrification.


Message History

Blink to where?
Press: ? - help, Dir - move target, p - Rupert
As you read the scroll of blinking, it crumbles to dust.
You feel much better.
Aiming: Stone Arrow (safe; 0% risk of failure)
Press: ? - help, Q - select action, (/) - cycle Shift-Dir - straight line, f - Rupert
Aim: Rupert, wielding a +2 battleaxe of venom and wearing a +0 ring mail (lightly wounded, berserk, 81% to hit)
You feel a strong surge of power!
The stone arrow hits Rupert!!
Rupert is moderately wounded.
Aiming: Stone Arrow (safe; 0% risk of failure)
Press: ? - help, Q - select action, (/) - cycle Shift-Dir - straight line, f/p - Rupert
Aim: Rupert, wielding a +2 battleaxe of venom and wearing a +0 ring mail (moderately wounded, berserk, 81% to hit)
You feel a strong surge of power!
The stone arrow hits Rupert!
Rupert is moderately wounded.
Aiming: Stone Arrow (safe; 0% risk of failure)
Press: ? - help, Q - select action, (/) - cycle Shift-Dir - straight line, f/p - Rupert
Aim: Rupert, wielding a +2 battleaxe of venom and wearing a +0 ring mail (moderately wounded, berserk, 81% to hit)
You feel a strong surge of power!
The stone arrow hits Rupert!
Rupert is heavily wounded.
Rupert hits you with a +2 battleaxe of venom!!
You feel yourself speed up.
Rupert hits you with a +2 battleaxe of venom!
Rupert attacks as he pursues you! Rupert misses you.
Rupert attacks as he pursues you! Rupert closely misses you.
There is a stormy altar of Qazlal here.
Rupert hits you with a +2 battleaxe of venom.
Rupert attacks as he pursues you! Rupert barely misses you.
Rupert attacks as he pursues you!
Rupert hits you with a +2 battleaxe of venom!!
* * * LOW HITPOINT WARNING * * *
50...
Rupert rages.
You feel much better.
Rupert rages.
Rupert hits you with a +2 battleaxe of venom!
* * * LOW HITPOINT WARNING * * *
Rupert attacks as he pursues you!
Rupert hits you with a +2 battleaxe of venom!!
You die...
Rupert roars with triumph.

###∩........8.# #[8........∩###
##...........).###.............#
#⌠..........###...###..........⌠
#⌠..........# #.<.# #..........⌠
#⌠..........###÷..###..........⌠
##.............###.†...........#
###∩........8.# #.8........∩###
##∩__....÷..###.......__∩##
######.8...@@....8.######
#⌠........)..⌠# ###.........###
#_......._# #........_#
#_......._# #∩.......∩#
##∩.....∩## ##.....##


You could see Rupert (berserk).

Vanquished Creatures
  A naga warrior (D)
  A hydra (D)
  2 centaur warriors (D)
  A boulder beetle (D)
  Harold (D)
  A two-headed ogre (D)
  A skeletal warrior (D)
  A bog body (D)
  A deep elf pyromancer (D)
  7 ugly things (D)
  A gargoyle (D)
  A kobold demonologist (D)
  A tengu conjurer (D)
  A troll (D)
  A shadow (D)
  A water moccasin (D)
  2 swamp drakes (D)
  A centaur (D)
  A phantom (D)
  A bullfrog (D)
  3 necrophages (D)
  Jessica (D)
  2 adders (D)
  A dart slug (D)
  A bat zombie (D)
  An endoplasm (D)
  A giant cockroach (D)
  A quokka (D)
  3 ball pythons (D)
  A quokka zombie (D)
43 creatures vanquished.

Notes
Turn   | Place    | Note
-------+----------+-------------------------------------------
     0 | D        | rocky1 the Gargoyle Earth Elementalist began the quest for
                  | the Orb.
     0 | D        | Reached XP level 1. HP: 10/10 MP: 3/3
     3 | D        | Found a blossoming altar of Fedhas.
     4 | D        | Found a bloodstained altar of Trog.
     4 | D        | Found a corrupted altar of Lugonu.
     5 | D        | Found a glowing silver altar of Zin.
     5 | D        | Found a hide-covered altar of Uskayaw.
     5 | D        | Round 1.
     6 | D        | Found a basalt altar of Yredelemnul.
     6 | D        | Found a shimmering blue altar of Sif Muna.
     6 | D        | Found Zyniceng's Staff Store.
     6 | D        | Found Asuenism's Magic Scroll Shop.
     7 | D        | Found Bubiv's Must-Have Magic.
     7 | D        | Found Giumapn's Magic Scroll Shop.
     9 | D        | Found a radiant altar of Vehumet.
    10 | D        | Found an iron altar of Okawaru.
    11 | D        | Found a shimmering altar of Xom.
    12 | D        | Found Xeta's Timeless Talismans.
    13 | D        | Found Mirphoomo's Jewellery.
    13 | D        | Found Wilojuas's Advanced Armour.
    17 | D        | Became a worshipper of Vehumet
    18 | D        | Found an ancient bone altar of Kikubaaqudgha.
    18 | D        | Found an ornate altar of the Wu Jian Council.
    18 | D        | Found Nilua's Identification Station.
    24 | D        | Found a shadowy altar of Dithmenos.
    28 | D        | Found a sacrificial altar of Ru.
    29 | D        | Found Deckih's Premium Goods.
    30 | D        | Found Saela's Miscellaneous Merchandise.
    30 | D        | Found Vunguf's Basic Armour.
    31 | D        | Found a burning altar of Makhleb.
    31 | D        | Found a snail-covered altar of Cheibriados.
    31 | D        | Found Yvogg's Weapon Rack.
    38 | D        | Found a stormy altar of Qazlal.
    42 | D        | Reached skill level 4 in Earth Magic
    64 | D        | Found a glowing golden altar of the Shining One.
    67 | D        | Found Tyfeavon's Do-It-Yourself Clinic.
    68 | D        | Found Holl's Bottled Wisdom.
    68 | D        | Found Egejiyc's Distillery.
    71 | D        | Found an opulent altar of Gozag.
    71 | D        | Found Vistynef's Distillery.
    74 | D        | Noticed Jessica
    80 | D        | Killed Jessica
    81 | D        | Reached skill level 6 in Earth Magic
    81 | D        | Reached XP level 2. HP: 18/18 MP: 3/6
    81 | D        | Reached XP level 3. HP: 22/22 MP: 3/7
   111 | D        | Reached * piety under Vehumet
   111 | D        | Offered knowledge of Freeze by Vehumet.
   133 | D        | Arena points: 12 (+12) [x2]
   152 | D        | Learned a level 3 spell: Stone Arrow
   199 | D        | Round 2.
   201 | D        | Reached ** piety under Vehumet
   221 | D        | Bought a coiled pewter ring for 45 gold pieces
   221 | D        | Identified the ring "Quimaqu" {Fire Str+5} (You bought it
                  | in a shop in the Dungeon)
   221 | D        | Bought a warped tin amulet for 45 gold pieces
   221 | D        | Identified the amulet of Starshine {RegenMP Fragile Slay+6}
                  | (You bought it in a shop in the Dungeon)
   221 | D        | Bought a clouded wooden ring for 45 gold pieces
   221 | D        | Identified the ring of Keotan {rC+ Dex+6} (You bought it in
                  | a shop in the Dungeon)
   271 | D        | Offered knowledge of Poisonous Vapours by Vehumet.
   277 | D        | Reached skill level 1 in Conjurations
   282 | D        | Reached *** piety under Vehumet
   283 | D        | Reached skill level 7 in Earth Magic
   285 | D        | Noticed a water moccasin
   288 | D        | Killed a water moccasin
   288 | D        | Arena points: 54 (+42) [x3]
   289 | D        | Reached skill level 5 in Fighting
   289 | D        | Reached skill level 9 in Earth Magic
   289 | D        | Reached XP level 4. HP: 31/31 MP: 8/10
   289 | D        | Reached XP level 5. HP: 35/35 MP: 9/12
   320 | D        | Learned a level 4 spell: Brom's Barrelling Boulder
   363 | D        | Round 3.
   429 | D        | Noticed a swamp drake
   434 | D        | Killed a swamp drake
   434 | D        | Offered knowledge of Dazzling Flash by Vehumet.
   435 | D        | Reached skill level 5 in Spellcasting
   435 | D        | Reached skill level 10 in Earth Magic
   435 | D        | Reached XP level 6. HP: 34/41 MP: 12/14
   438 | D        | Noticed a bog body
   443 | D        | Killed a bog body
   444 | D        | Reached skill level 13 in Earth Magic
   444 | D        | Reached XP level 7. HP: 28/49 MP: 14/17
   445 | D        | Reached **** piety under Vehumet
   458 | D        | Noticed a five-headed hydra
   461 | D        | Reached XP level 8. HP: 38/55 MP: 14/19
   467 | D        | Killed a five-headed hydra
   468 | D        | Reached skill level 14 in Earth Magic
   492 | D        | Noticed a bog body
   494 | D        | Arena points: 72 (+18) [x1]
   504 | D        | Round 4.
   527 | D        | Reached skill level 15 in Earth Magic
   581 | D        | Offered knowledge of Iskenderun's Mystic Blast by Vehumet.
   582 | D        | Reached XP level 9. HP: 62/62 MP: 19/21
   587 | D        | Learned a level 4 spell: Iskenderun's Mystic Blast
   605 | D        | Offered knowledge of Inner Flame by Vehumet.
   605 | D        | Reached ***** piety under Vehumet
   631 | D        | Arena points: 128 (+56) [x2]
   704 | D        | Round 5.
   705 | D        | Noticed a naga warlord
   719 | D        | Killed a naga warlord
   719 | D        | Arena points: 288 (+160) [x4]
   720 | D        | Reached skill level 10 in Fighting
   720 | D        | Reached skill level 16 in Earth Magic
   722 | D        | Got a serpentine rune of Zot
   736 | D        | Reached XP level 10. HP: 68/68 MP: 23/23
   753 | D        | Bought an ominously black robe for 199 gold pieces
   753 | D        | Identified the +2 robe of the Fig {Harm Slay+2} (You bought
                  | it in a shop in the Dungeon)
   753 | D        | Bought a tattered robe for 199 gold pieces
   753 | D        | Identified the +0 robe of Good Intentions {Str+2 Dex-3
                  | Archmagi} (You bought it in a shop in the Dungeon)
   775 | D        | Bought a coiled steel ring for 45 gold pieces
   775 | D        | Identified the ring of Juarulic {rElec rPois rF+ rN++
                  | Str-3} (You bought it in a shop in the Dungeon)
   921 | D        | Round 6.
   925 | D        | Noticed a green ugly thing
   930 | D        | Noticed a brown ugly thing
   933 | D        | Killed a green ugly thing
   933 | D        | Offered knowledge of Lee's Rapid Deconstruction by Vehumet.
   934 | D        | Reached skill level 10 in Conjurations
   943 | D        | Killed a brown ugly thing
   944 | D        | Reached skill level 17 in Earth Magic
   978 | D        | Noticed a cyan ugly thing
   984 | D        | Killed a cyan ugly thing
  1001 | D        | Noticed a purple ugly thing
  1004 | D        | Noticed a green ugly thing
  1005 | D        | Noticed a green ugly thing
  1006 | D        | Noticed a purple ugly thing
  1007 | D        | Killed a purple ugly thing
  1008 | D        | Reached skill level 10 in Spellcasting
  1017 | D        | Killed a green ugly thing
  1018 | D        | Reached XP level 11. HP: 52/76 MP: 1/25
  1024 | D        | Killed a green ugly thing
  1025 | D        | Reached skill level 18 in Earth Magic
  1029 | D        | Killed a green ugly thing
  1029 | D        | Arena points: 528 (+240) [x5]
  1071 | D        | Round 7.
  1079 | D        | Bought 3 potions of heal wounds for 105 gold pieces
  1079 | D        | Bought 3 potions of heal wounds for 105 gold pieces
  1131 | D        | Noticed Harold
  1139 | D        | Killed Harold
  1142 | D        | Noticed a deep elf pyromancer
  1146 | D        | Killed a deep elf pyromancer
  1147 | D        | Reached skill level 19 in Earth Magic
  1153 | D        | Noticed a centaur warrior
  1156 | D        | Killed a centaur warrior
  1156 | D        | Offered knowledge of Iskenderun's Battlesphere by Vehumet.
  1177 | D        | Noticed a boulder beetle
  1188 | D        | Killed a boulder beetle
  1195 | D        | Noticed a skeletal warrior
  1200 | D        | Killed a skeletal warrior
  1207 | D        | Arena points: 864 (+336) [x6]
  1208 | D        | Reached skill level 20 in Earth Magic
  1217 | D        | Learned a level 5 spell: Iskenderun's Battlesphere
  1227 | D        | Round 8.
  1251 | D        | Noticed a two-headed ogre
  1251 | D        | Noticed a centaur warrior
  1252 | D        | Killed a centaur warrior
  1256 | D        | Killed a two-headed ogre
  1299 | D        | Noticed Rupert
  1303 | D        | Reached ****** piety under Vehumet
  1303 | D        | Paralysed by Rupert for 4 turns
  1328 | D        | Mangled by Rupert

Illustrated notes

Levels and vault maps discovered:
D:        arena_sprint

Skill      XL: |  1  2  3  4  5  6  7  8  9 10 11 |
---------------+----------------------------------+-----
Earth Magic    | 6 9 10 13 15 16 17 20 | 20.8
Fighting       | 2 5 8 9 10 11 13 | 13.8
Spellcasting   | 3 4 5 7 8 9 10 11 | 11.9
Conjurations   | 3 4 7 9 11 13 | 13.4
Armour         | 4 |  4.9
Dodging        | 4 |  4.1
Stealth        | |  2.1
Transmutations | |  0.7

Action                     |  1- 3 |  4- 6 |  7- 9 | 10-12 || total
---------------------------+-------+-------+-------+-------++-------
   Cast: Sandblast         |    19 |     7 |     4 |       ||    30
         Stone Arrow       |       |       |    27 |    81 ||   108
  Evoke: Wand              |       |       |       |     1 ||     1
    Use: Scroll            |       |       |     2 |     2 ||     4
         Potion            |       |       |     2 |     6 ||     8
 Armour: Robe              |     6 |     4 |     8 |    36 ||    54
  Dodge: Dodged            |     4 |     4 |     5 |    18 ||    31

Table legend: (Time is in decaauts)
 A = Elapsed time spent in this place.
 B = Non-inter-level travel time spent in this place.
 C = Inter-level travel time spent in this place.
 D = Time resting spent in this place.
 E = Time spent auto-exploring this place.
 F = Levels seen in this place.
 G = Mean time per level.
                   A        B        C        D        E       F      G
               +--------+--------+--------+--------+--------+-----+--------+
         Total |   1373 |   1373 |      0 |    512 |     66 |   1 | 1373.0 |
       Dungeon |   1373 |   1373 |      0 |    512 |     66 |   1 | 1373.0 |
               +--------+--------+--------+--------+--------+-----+--------+

Top non-repeatable levels by time:
       D: 1373 daAuts
